 Dungeon Crawl Stone Soup version 0.28.0 (webtiles) character file.

Game seed: 9886335613947837061

78 Alander the Skirmisher (level 4, -3/41 HPs)
             Began as a Minotaur Berserker on Feb 10, 2022.
             Was a Believer of Trog.
             Slain by a goblin (7 damage)
             ... on level 2 of the Dungeon.
             The game lasted 00:06:20 (1960 turns).

Alander the Skirmisher (Minotaur Berserker)         Turns: 1960, Time: 00:06:21

Health: -3/41      AC:  2    Str: 24    XL:     4   Next: 15%
Magic:  3/3        EV: 12    Int:  4    God:    Trog [**....]
Gold:   44         SH:  0    Dex:  9    Spells: 3/3 levels left

rFire   . . .      SeeInvis .   a - +0 hand axe
rCold   . . .      Faith    .   (no shield)
rNeg    . . .      Spirit   .   b - +0 animal skin
rPois   .          Reflect  .   (helmet restricted)
rElec   .          Harm     .   (no cloak)
rCorr   .          Rampage  .   (no gloves)
Will    .....                   (no boots)
Stlth   +.........              (no amulet)
HPRegen 0.13/turn               (no ring)
MPRegen 0.08/turn               (no ring)

@: no status effects
A: horns 2, retaliatory headbutt
a: Renounce Religion, Berserk, Trog's Hand


You were on level 2 of the Dungeon.
You worshipped Trog.
Trog was pleased with you.
You visited 1 branch of the dungeon, and saw 2 of its levels.

You collected 44 gold pieces.

Inventory:

Hand Weapons
 a - a +0 hand axe (weapon)
 d - a +0 dagger
 f - a +0 dagger
 i - a +0 club
 n - a +0 hand axe
 p - a +0 short sword
Missiles
 j - 15 stones (quivered)
 k - 33 bolts
Armour
 b - a +0 animal skin (worn)
 c - a +0 robe
Jewellery
 e - an amulet of reflection
Scrolls
 h - a scroll of immolation {unknown}
 l - 2 scrolls of identify
Potions
 g - a potion of brilliance {unknown}
 m - a potion of invisibility {unknown}
 o - a potion of curing {unknown}


   Skills:
 + Level 4.6 Fighting
 + Level 4.6 Axes
 + Level 2.5 Armour
 + Level 3.1 Dodging


You had 3 spell levels left.
You didn't know any spells.
Your spell library was empty.

Dungeon Overview and Level Annotations

Branches:
Dungeon (2/15)

Altars:


Innate Abilities, Weirdness & Mutations

You have a pair of horns on your head.
You reflexively headbutt those who attack you in melee.


Message History

Throw: 19 stones
Press: ? - help, Q - select action, (/) - cycle Shift-Dir - straight line, f - goblin
Aim: a goblin, wielding a +0 trident (heavily wounded, 47% to hit)
You throw a stone. The stone barely misses the goblin.
The goblin closely misses you.
Throw: 18 stones
Press: ? - help, Q - select action, (/) - cycle Shift-Dir - straight line, f/p - goblin
Aim: a goblin, wielding a +0 trident (heavily wounded, 47% to hit)
You throw a stone. The stone closely misses the goblin.
The goblin hits you from afar with a +0 trident.
* * * LOW HITPOINT WARNING * * *
The goblin closely misses you.
Throw: 17 stones
Press: ? - help, Q - select action, (/) - cycle Shift-Dir - straight line, f/p - goblin
Aim: a goblin, wielding a +0 trident (heavily wounded, 47% to hit)
You throw a stone. The stone closely misses the goblin.
The goblin closely misses you.
Throw: 16 stones
Press: ? - help, Q - select action, (/) - cycle Shift-Dir - straight line, f/p - goblin
Aim: a goblin, wielding a +0 trident (moderately wounded, 47% to hit)
You throw a stone. The stone closely misses the goblin.
The goblin hits you from afar with a +0 trident.
* * * LOW HITPOINT WARNING * * *
The goblin barely misses you. The goblin hits you but does no damage.
The goblin hits you but does no damage. The goblin closely misses you.
The goblin hits you from afar with a +0 trident.
* * * LOW HITPOINT WARNING * * *
You see here an adder skeleton.
The goblin barely misses you.
You see here an adder skeleton.
You closely miss the goblin.
The goblin is moderately wounded.
The goblin closely misses you. You furiously retaliate!
You headbutt the goblin. You barely miss the goblin.
The goblin is heavily wounded.
The goblin hits you with a +0 trident!
You die...

....).# ......#
......##########
.......##......#
...............# ######
......###......# #....# ....
......# #......#####....#
#.... ###.###
#.......รท..#....### #..<.
#.
####.......@g........###....
#.
#.........###......#.......#
##...##......#
##.....#####.#.# #..#
#......# ##............. #..
#......# #.....#........ #.
######## #...........((. ..
#..#............ ..
#....##......... ...
#.?##............


You could see a goblin.

Vanquished Creatures
  2 adders (D:2)
  2 dart slugs (D:1)
  7 endoplasms
  A giant cockroach (D:1)
  3 goblins
  4 hobgoblins
  10 jackals (D:1)
  2 kobolds
  2 quokkas (D:1)
  7 ball pythons
  4 bats (D:1)
  2 frilled lizards
  2 rats (D:1)
48 creatures vanquished.

Notes
Turn   | Place    | Note
-------+----------+-------------------------------------------
     0 | D:1      | Alander the Minotaur Berserker began the quest for the Orb.
     0 | D:1      | Reached XP level 1. HP: 19/19 MP: 0/0
   109 | D:1      | Reached XP level 2. HP: 12/27 MP: 1/1
   760 | D:1      | Reached XP level 3. HP: 33/33 MP: 2/2
   762 | D:1      | Reached ** piety under Trog
  1646 | D:2      | Reached XP level 4. HP: 22/41 MP: 3/3
  1960 | D:2      | Slain by a goblin

Illustrated notes

Levels and vault maps discovered:
D:1:      dpeg_arrival_tiny_k, layout_basic, minmay_3d_cube
D:2:      layout_rooms, shapermc_ecumenical_altar_flowoftime,
          kennysheep_generic_room_6

Skill      XL: |  1  2  3 |
---------------+----------+-----
Fighting       | 4 |  4.6
Axes           | 4 |  4.6
Dodging        | 3 |  3.1
Armour         | |  2.5

Action                   |  1- 3 |  4- 6 || total
-------------------------+-------+-------++-------
Melee: Hand axe          |    98 |    16 ||   114
       Headbutt          |     5 |       ||     5
Throw: Stone             |       |     4 ||     4
  Use: Scroll            |     1 |       ||     1
Armor: Animal skin       |    27 |     6 ||    33
Dodge: Dodged            |    76 |    14 ||    90
